AoeStats
← Juppeli90

Arabia

510526518Analyzed
1v1 RM · 2d ago on Oct 1, 2026· 56m 21s· 2 players
Game mode
Random Map
Map size
Tiny (2 player)
Population
200
Speed
Normal
Resources
Standard
Victory
Conquest
Starting age
Dark Age
Ending age
Imperial Age
RankedLock teamsTeams togetherTeam positionsShared explorationLock speedFull tech treeHidden civsTurbo modeCheats
Victory
Defeat
🇫🇮 Teutons · Finland
701
+14
🇹🇷 Chinese · Türkiye
663
-14
elfce
0:43 Loom
12:20 Feudal Age
18:44 Castle Age
29:48 Fletching
30:55 Forging
30:41 Pikeman
32:44 Bodkin Arrow
34:30 Wheelbarrow
34:33 Horse Collar
35:46 Hand Cart
36:00 Heavy Plow
36:51 Iron Casting
36:17 Scale Mail Armor
36:20 Padded Archer Armor
37:01 Gold Mining
37:01 Stone Mining
38:18 Squires
39:02 Leather Archer Armor
38:37 Double-Bit Axe
39:32 Bow Saw
40:10 Ballistics
39:41 Heated Shot
39:47 Arson
40:55 Gold Shaft Mining
40:55 Stone Shaft Mining
43:31 Imperial Age
40:59 Town Watch
43:06 Town Patrol
43:29 Great Wall
44:23 Heavy Rocket Cart
49:16 Chemistry
48:48 Murder Holes
49:03 Halberdier
51:01 Murder Holes
52:21 Scale Mail Armor
55:13 Elite Fire Lancer
Juppeli90
9:41 Feudal Age
19:47 Double-Bit Axe
21:17 Scale Barding Armor
21:24 Forging
22:04 Wheelbarrow
21:51 Bloodlines
24:27 Castle Age
23:30 Forging
29:36 Iron Casting
29:21 Chain Barding Armor
37:52 Imperial Age
38:23 Cavalier
40:37 Blast Furnace
40:21 Plate Barding Armor
41:33 Chemistry
40:21 Paladin
42:19 Crenellations
42:33 Ballistics
56:08 Bow Saw
Connection lost

Rejoining the realm…

Still unreachable

The connection could not be restored.

Session expired

The server has moved on; the page needs a fresh start.